Predators vs Sharks
Created - 27 février 2015 at 19:06
Goals
|
| Predators |
2 |
0 |
1 |
0 |
2 |
4 |
| Sharks |
0 |
2 |
1 |
0 |
0 |
3 |
|
Shots
|
| Predators |
11 |
5 |
8 |
0 |
3 |
24 |
| Sharks |
8 |
11 |
6 |
1 |
2 |
26 |
|
1st period
1. Predators , Barret Jackman 1 (Georges Laraque, Alexander Ovechkin) at 14:55 (PP)
2. Predators , Alexander Ovechkin 35 (Georges Laraque, Josef Vasicek) at 16:33
Penalties :
Antoine Vermette (SJS) for Interference (Minor) at 5:07, Antoine Vermette (SJS) for Holding (Minor) at 14:39
2nd period
3. Sharks , David Legwand 34 (Dany Heatley, Daniel Alfredsson) at 14:22
4. Sharks , Dany Heatley 27 (Daniel Alfredsson, David Legwand) at 14:58 (PP)
Penalties :
Ted Purcell (SJS) for Goalie Interference (Minor) at 1:39, Brad Boyes (Nas) for Tripping (Minor) at 8:04, Danny Richmond (Nas) for Hooking (Minor) at 14:46
3rd period
5. Sharks , Daniel Alfredsson 13 (Dany Heatley, Johnny Boychuk) at 0:10
6. Predators , Joe Thornton 33 (Alexander Ovechkin) at 18:57
Penalties :
Georges Laraque (Nas) for Unsportsmanlike conduct (Major / Game Misconduct) at 5:39, Alexander Edler (Nas) for High sticking (Minor) at 19:33
Overtime #1
No Goal
Penalties :
No Penalty
Shootout
Penalty Shot by Alexander Ovechkin for Predators - Shot Misses the Net
Penalty Shot by Dany Heatley for Sharks - Shot Misses the Net
Penalty Shot by Joe Thornton for Predators - Goal!
Penalty Shot by Ted Purcell for Sharks - Shot Misses the Net
Penalty Shot by Michael Grabner for Predators - Goal!
Penalties :
No Penalty
Goalie Stats
Kari Lehtonen (Nas), 23 saves from 26 shots - (0,885), W, 25-20-4, 64:58 minutes
Tyler Weiman (SJS), 21 saves from 24 shots - (0,875), OTL, 19-19-4, 65:00 minutes
Players Stats for Predators
Player Name G A P +/- PIM S H SB GA TA FO MP PP MP PK MP
------------------------------------------------------------------------------------
Alexander Edler 0 0 0 1 2 1 3 2 1 0 0/0 27:19 2:10 3:26
Alexander Ovechkin 1 2 3 1 0 4 1 1 0 1 2/6 23:31 2:25 4:22
Alexander Steen 0 0 0 -1 0 2 1 0 0 0 1/1 17:38 1:49 2:33
Andy Miele 0 0 0 0 0 0 1 0 0 0 0/0 7:40 0:00 0:00
Barret Jackman 1 0 1 -1 0 2 1 1 0 1 0/0 23:10 2:04 3:17
Brad Boyes 0 0 0 -1 2 1 2 0 1 1 0/1 14:57 1:49 0:00
Danny Richmond 0 0 0 1 2 0 3 1 1 1 0/0 28:35 2:10 4:48
Georges Laraque 0 2 2 0 15 2 0 1 0 0 1/2 15:25 2:25 0:18
Jeremy Williams 0 0 0 0 0 1 1 0 0 0 0/0 7:40 0:00 0:00
Joe Thornton 1 0 1 1 0 4 1 1 1 0 10/21 23:11 2:25 3:49
Joffrey Lupul 0 0 0 0 0 0 1 0 0 0 0/0 8:45 0:00 1:14
John Moore 0 0 0 0 0 0 1 0 0 0 0/0 14:12 0:00 2:24
Josef Vasicek 0 1 1 1 0 3 0 1 1 0 3/5 17:16 0:00 1:45
Kent Huskins 0 0 0 0 0 0 0 0 0 0 0/0 12:43 0:00 0:52
Kris Vernarsky 0 0 0 -1 0 3 1 0 0 0 3/9 14:26 1:49 0:21
Michael Grabner 0 0 0 0 0 0 0 1 0 0 0/0 14:48 0:00 0:00
Oleg Saprykin 0 0 0 0 0 1 2 1 0 0 1/1 16:04 0:00 2:23
Ryan Mcdonagh 0 0 0 -1 0 0 1 0 0 0 0/0 23:27 2:04 3:31
Players Stats for Sharks
Player Name G A P +/- PIM S H SB GA TA FO MP PP MP PK MP
------------------------------------------------------------------------------------
Adam Mair 0 0 0 -1 0 1 1 1 0 0 1/3 9:13 1:29 0:00
Alex Pietrangelo 0 0 0 -1 0 2 1 0 2 2 0/0 26:24 3:52 0:25
Antoine Vermette 0 0 0 0 4 4 1 1 0 0 2/6 17:52 2:33 1:03
Boris Valabik 0 0 0 -1 0 0 0 0 0 0 0/0 6:37 0:36 0:00
Brandon Yip 0 0 0 -1 0 1 1 0 0 0 0/0 16:26 1:11 0:00
Daniel Alfredsson 1 2 3 2 0 4 2 1 1 0 0/0 20:19 3:38 1:07
Dany Heatley 1 2 3 1 0 5 1 1 0 0 1/3 21:17 3:43 1:23
David Hale 0 0 0 1 0 1 3 0 0 0 0/0 16:06 0:58 2:04
David Legwand 1 1 2 1 0 3 3 0 0 1 14/27 22:00 3:20 2:26
Johnny Boychuk 0 1 1 1 0 0 0 1 0 0 0/0 21:31 3:03 2:10
Kyle Wellwood 0 0 0 0 0 1 2 0 0 0 4/4 16:50 0:14 1:07
Lasse Kukkonen 0 0 0 -1 0 2 0 1 0 0 0/0 25:45 3:54 1:45
Markus Naslund 0 0 0 0 0 0 1 0 0 0 2/2 15:36 2:33 1:22
Martin Samuelsson 0 0 0 -1 0 0 2 1 0 0 0/0 9:07 1:20 0:00
Michal Rozsival 0 0 0 0 0 1 1 0 1 0 0/0 20:49 3:03 0:00
Shaone Morrisonn 0 0 0 1 0 0 0 0 0 1 0/0 13:02 0:00 2:04
Ted Purcell 0 0 0 -1 2 1 3 0 0 1 1/1 19:58 2:33 0:00
Tuomo Ruutu 0 0 0 0 0 0 2 0 0 0 0/0 16:51 0:00 0:00
3 Stars
1 - Daniel Alfredsson (SJS)
2 - Dany Heatley (SJS)
3 - Alexander Ovechkin (Nas)
Power Play
Predators - 1 on 3 Attempt(s) - 33,33%
Sharks - 1 on 4 Attempt(s) - 25,00%
Penalty Kill
Predators - 3 on 4 Attempt(s) - 75,00%
- Score 0 goal in Penalty Kill
Sharks - 2 on 3 Attempt(s) - 66,67%
- Score 0 goal in Penalty Kill
Team Stat
Predators - Hits : 20 - Faceoff Wins : 21 - Blocked Shots : 10 - Penalty Minutes : 21
Sharks - Hits : 24 - Faceoff Wins : 25 - Blocked Shots : 7 - Penalty Minutes : 6
Official
Referees : Morton Dean and VanMassenhoven Don
Linesman : Mike Cvik and Vaughan Rody
Game Notes
Georges Laraque ejected from game at 5:39 of 3rd period
Finance
Level 1 -- Attendance: 4966 (82,77%) -- Ticket Income 446 940 $
Level 2 -- Attendance: 3974 (79,48%) -- Ticket Income 238 440 $
Level 3 -- Attendance: 1284 (64,20%) -- Ticket Income 51 360 $
Level 4 -- Attendance: 3839 (95,98%) -- Ticket Income 76 780 $
Luxury Box -- Attendance: 857 (85,70%) -- Ticket Income 154 260 $
Game was played at the Hockey Place Center'
Total Attendance: 14920 (82,89%)
Total Ticket Income: 967 780 $
Other Income: 145 167 $
Total Income: 1 112 947 $
Predators
5 vs 5 Forward
Center Left Wing Right Wing Time % Phy DF OF
1 Joe Thornton Alexander Ovechkin Georges Laraque 40 1 2 2
2 Kris Vernarsky Alexander Steen Brad Boyes 30 1 2 2
3 Josef Vasicek Oleg Saprykin Michael Grabner 20 1 2 2
4 Andy Miele Joffrey Lupul Jeremy Williams 10 1 2 2
5 vs 5 Defense
Defense Defense Time % Phy DF OF
1 Danny Richmond Alexander Edler 40 1 2 2
2 Ryan Mcdonagh Barret Jackman 30 1 2 2
3 Kent Huskins John Moore 20 1 2 2
4 Danny Richmond Alexander Edler 10 1 2 2
PowerPlay Forward
Center Left Wing Right Wing Time % Phy DF OF
1 Joe Thornton Alexander Ovechkin Georges Laraque 60 1 2 2
2 Kris Vernarsky Alexander Steen Brad Boyes 40 1 2 2
PowerPlay Defense
Defense Defense Time % Phy DF OF
1 Danny Richmond Alexander Edler 60 1 2 2
2 Ryan Mcdonagh Barret Jackman 40 1 2 2
Penalty Kill 4 Players Forward
Center Wing Time % Phy DF OF
1 Alexander Ovechkin Joe Thornton 60 1 2 2
2 Georges Laraque Alexander Steen 40 1 2 2
Penalty Kill 4 Players Defense
Defense Defense Time % Phy DF OF
1 Danny Richmond Alexander Edler 60 1 2 2
2 Ryan Mcdonagh Barret Jackman 40 1 2 2
Penalty Kill - 3 Players Forward
Forward Time % Phy DF OF
1 Alexander Ovechkin 60 1 2 2
2 Joe Thornton 40 1 2 2
Penalty Kill - 3 Players Defense
Defense Defense Time % Phy DF OF
1 Danny Richmond Alexander Edler 60 1 2 2
2 Ryan Mcdonagh Barret Jackman 40 1 2 2
4 vs 4 Forward
Center Wing Time % Phy DF OF
1 Alexander Ovechkin Joe Thornton 60 1 2 2
2 Georges Laraque Alexander Steen 40 1 2 2
4 vs 4 Defense
Defense Defense Time % Phy DF OF
1 Danny Richmond Alexander Edler 60 1 2 2
2 Ryan Mcdonagh Barret Jackman 40 1 2 2
Last Minutes Offensive
Center Left Wing Right Wing Defense Defense
Joe Thornton Alexander Ovechkin Georges Laraque Danny Richmond Alexander Edler
Last Minutes Defensive
Center Left Wing Right Wing Defense Defense
Joe Thornton Alexander Ovechkin Georges Laraque Danny Richmond Alexander Edler
Goaltenders
Starting : Kari Lehtonen
Backup : Ray Emery
Extra Forwards
Normal : Josef Vasicek, Michael Grabner, Oleg Saprykin - PP : Josef Vasicek, Michael Grabner - PK : Oleg Saprykin
Extra Defensemen
Normal : Kent Huskins, John Moore, Ryan Mcdonagh - PP : Kent Huskins - PK : John Moore, Ryan Mcdonagh
Penalty Shots
Alexander Ovechkin, Joe Thornton, Georges Laraque, Alexander Steen, Brad Boyes
Sharks
5 vs 5 Forward
Center Left Wing Right Wing Time % Phy DF OF
1 David Legwand Dany Heatley Daniel Alfredsson 40 1 2 2
2 Antoine Vermette Markus Naslund Ted Purcell 30 1 2 2
3 Kyle Wellwood Tuomo Ruutu Brandon Yip 20 1 2 2
4 Adam Mair Martin Samuelsson Ted Purcell 10 1 2 2
5 vs 5 Defense
Defense Defense Time % Phy DF OF
1 Lasse Kukkonen Alex Pietrangelo 40 1 2 2
2 Michal Rozsival Johnny Boychuk 30 1 2 2
3 Shaone Morrisonn David Hale 20 1 2 2
4 Michal Rozsival Boris Valabik 10 1 2 2
PowerPlay Forward
Center Left Wing Right Wing Time % Phy DF OF
1 David Legwand Dany Heatley Daniel Alfredsson 60 0 2 3
2 Antoine Vermette Markus Naslund Ted Purcell 40 0 2 3
PowerPlay Defense
Defense Defense Time % Phy DF OF
1 Lasse Kukkonen Alex Pietrangelo 60 0 2 3
2 Michal Rozsival Johnny Boychuk 40 0 2 3
Penalty Kill 4 Players Forward
Center Wing Time % Phy DF OF
1 David Legwand Antoine Vermette 60 1 4 0
2 Kyle Wellwood Daniel Alfredsson 40 1 4 0
Penalty Kill 4 Players Defense
Defense Defense Time % Phy DF OF
1 Lasse Kukkonen Johnny Boychuk 60 1 4 0
2 David Hale Shaone Morrisonn 40 1 4 0
Penalty Kill - 3 Players Forward
Forward Time % Phy DF OF
1 David Legwand 60 1 4 0
2 Antoine Vermette 40 1 4 0
Penalty Kill - 3 Players Defense
Defense Defense Time % Phy DF OF
1 Lasse Kukkonen Johnny Boychuk 60 1 4 0
2 David Hale Shaone Morrisonn 40 1 4 0
4 vs 4 Forward
Center Wing Time % Phy DF OF
1 David Legwand Antoine Vermette 60 1 2 2
2 Kyle Wellwood Martin Samuelsson 40 1 2 2
4 vs 4 Defense
Defense Defense Time % Phy DF OF
1 Johnny Boychuk Alex Pietrangelo 60 1 2 2
2 David Hale Boris Valabik 40 1 2 2
Last Minutes Offensive
Center Left Wing Right Wing Defense Defense
David Legwand Dany Heatley Daniel Alfredsson Lasse Kukkonen Alex Pietrangelo
Last Minutes Defensive
Center Left Wing Right Wing Defense Defense
David Legwand Markus Naslund Daniel Alfredsson Michal Rozsival Lasse Kukkonen
Goaltenders
Starting : Tyler Weiman
Backup : Mike Brodeur
Extra Forwards
Normal : Ted Purcell, Tuomo Ruutu, Antoine Vermette - PP : Ted Purcell, Dany Heatley - PK : Markus Naslund
Extra Defensemen
Normal : Johnny Boychuk, Alex Pietrangelo, Boris Valabik - PP : David Hale - PK : Alex Pietrangelo, Michal Rozsival
Penalty Shots
Dany Heatley, Ted Purcell, Tuomo Ruutu, Markus Naslund, Daniel Alfredsson
% Time on Ice - Predators
Lines # - Real PCT - Wanted PCT - Time Play
Normal Forward
1 - 32% - 40% - 15:35
2 - 26% - 30% - 12:16
3 - 26% - 20% - 12:31
4 - 16% - 10% - 7:40
Normal Defense
1 - 39% - 40% - 18:51
2 - 34% - 30% - 16:17
3 - 24% - 20% - 11:21
4 - 3% - 10% - 1:33
PP Forward
1 - 57% - 60% - 2:25
2 - 43% - 40% - 1:49
PP Defense
1 - 51% - 60% - 2:10
2 - 49% - 40% - 2:04
PK Forward
1 - 84% - 60% - 6:24
2 - 16% - 40% - 1:12
PK Defense
1 - 64% - 60% - 4:51
2 - 36% - 40% - 2:45
PK3 Forward
1 - 75% - 60% - 1:10
2 - 25% - 40% - 0:23
PK3 Defense
1 - 66% - 60% - 1:01
2 - 34% - 40% - 0:32
44 Forward
1 - 78% - 60% - 2:41
2 - 22% - 40% - 0:46
44 Defense
1 - 56% - 60% - 1:55
2 - 44% - 40% - 1:32
Last Minute Offensive - 0:08
Last Minute Defensive - 0:00
Total
Forward - 65:00
Defense - 65:00
|
% Time on Ice - Sharks
Lines # - Real PCT - Wanted PCT - Time Play
Normal Forward
1 - 29% - 40% - 14:03
2 - 28% - 30% - 13:20
3 - 30% - 20% - 14:15
4 - 13% - 10% - 6:23
Normal Defense
1 - 41% - 40% - 19:32
2 - 29% - 30% - 13:42
3 - 23% - 20% - 10:58
4 - 8% - 10% - 3:49
PP Forward
1 - 63% - 60% - 4:48
2 - 37% - 40% - 2:48
PP Defense
1 - 60% - 60% - 4:33
2 - 40% - 40% - 3:03
PK Forward
1 - 74% - 60% - 3:07
2 - 26% - 40% - 1:07
PK Defense
1 - 51% - 60% - 2:10
2 - 49% - 40% - 2:04
PK3 Forward
1 - 0% - 60%
2 - 0% - 40%
PK3 Defense
1 - 0% - 60%
2 - 0% - 40%
44 Forward
1 - 75% - 60% - 3:46
2 - 25% - 40% - 1:14
44 Defense
1 - 58% - 60% - 2:54
2 - 42% - 40% - 2:06
Last Minute Offensive - 0:00
Last Minute Defensive - 0:09
Total
Forward - 65:00
Defense - 65:00
|
Play by Play
1st period
0:01 of 1st period - David Legwand wins face-off versus Joe Thornton in neutral zone.
0:30 of 1st period - Snap shot by Antoine Vermette.
0:30 of 1st period - Shot Blocked by Alexander Edler.
0:50 of 1st period - Slapshot by Alex Pietrangelo.
0:50 of 1st period - Shot Blocked by Oleg Saprykin.
1:14 of 1st period - Wrist shot by Ted Purcell.
1:14 of 1st period - Shot Misses the Net.
1:35 of 1st period - Ryan Mcdonagh is hit by Dany Heatley and loses puck.
2:12 of 1st period - Snap shot by Josef Vasicek.
2:12 of 1st period - Shot Blocked by Antoine Vermette.
2:14 of 1st period - Snap shot by Oleg Saprykin.
2:14 of 1st period - Stopped by Tyler Weiman without a rebound.
2:15 of 1st period - Dany Heatley wins face-off versus Josef Vasicek in Sharks zone.
2:20 of 1st period - Wrist shot by Josef Vasicek.
2:20 of 1st period - Stopped by Tyler Weiman with a rebound.
3:07 of 1st period - Snap shot by Brad Boyes.
3:07 of 1st period - Deflect By Kris Vernarsky.
3:07 of 1st period - Stopped by Tyler Weiman with a rebound.
3:47 of 1st period - Daniel Alfredsson is hit by Oleg Saprykin and loses puck.
5:07 of 1st period - Minor Penalty to Antoine Vermette for Interference.
5:08 of 1st period - David Legwand wins face-off versus Georges Laraque in Sharks zone.
5:33 of 1st period - Ryan Mcdonagh is hit by David Legwand and loses puck.
5:45 of 1st period - Icing by Joe Thornton.
5:46 of 1st period - Markus Naslund wins face-off versus Kris Vernarsky in Predators zone.
5:47 of 1st period - Wrist shot by Dany Heatley.
5:47 of 1st period - Stopped by Kari Lehtonen with a rebound.
5:55 of 1st period - Johnny Boychuk is hit by Danny Richmond.
6:59 of 1st period - Johnny Boychuk is hit by Alexander Steen and loses puck.
7:07 of 1st period - Penalty to Antoine Vermette is over, Antoine Vermette is back on ice.
7:22 of 1st period - Boris Valabik is hit by Jeremy Williams and loses puck.
8:12 of 1st period - Slapshot by Dany Heatley.
8:12 of 1st period - Stopped by Kari Lehtonen with a rebound.
8:45 of 1st period - Snap shot by Ted Purcell.
8:45 of 1st period - Stopped by Kari Lehtonen with a rebound.
8:47 of 1st period - Slapshot by David Hale.
8:47 of 1st period - Stopped by Kari Lehtonen without a rebound.
8:48 of 1st period - Kris Vernarsky wins face-off versus Antoine Vermette in Predators zone.
9:51 of 1st period - Backhand shot by Antoine Vermette.
9:51 of 1st period - Stopped by Kari Lehtonen with a rebound.
9:53 of 1st period - Slapshot by Antoine Vermette.
9:53 of 1st period - Stopped by Kari Lehtonen without a rebound.
9:54 of 1st period - Josef Vasicek wins face-off versus Antoine Vermette in Predators zone.
9:56 of 1st period - Icing by Alexander Edler.
9:57 of 1st period - Josef Vasicek wins face-off versus David Legwand in Predators zone.
10:30 of 1st period - Wrist shot by Antoine Vermette.
10:30 of 1st period - Shot Misses the Net.
10:32 of 1st period - Snap shot by Antoine Vermette.
10:32 of 1st period - Stopped by Kari Lehtonen with a rebound.
10:37 of 1st period - Icing by Alexander Ovechkin.
10:38 of 1st period - David Legwand wins face-off versus Joe Thornton in Predators zone.
10:58 of 1st period - Icing by Danny Richmond.
10:59 of 1st period - Antoine Vermette wins face-off versus Joe Thornton in Predators zone.
11:22 of 1st period - Wrist shot by Joe Thornton.
11:22 of 1st period - Stopped by Tyler Weiman with a rebound.
11:44 of 1st period - Snap shot by Alexander Ovechkin.
11:44 of 1st period - Stopped by Tyler Weiman without a rebound.
11:45 of 1st period - David Legwand wins face-off versus Kris Vernarsky in Sharks zone.
11:56 of 1st period - Snap shot by David Legwand.
11:56 of 1st period - Stopped by Kari Lehtonen without a rebound.
11:57 of 1st period - Kris Vernarsky wins face-off versus David Legwand in Predators zone.
11:57 of 1st period - Kris Vernarsky is hit by Daniel Alfredsson.
12:27 of 1st period - Snap shot by Jeremy Williams.
12:27 of 1st period - Shot Blocked by Lasse Kukkonen.
13:40 of 1st period - Icing by Lasse Kukkonen.
13:41 of 1st period - Kyle Wellwood wins face-off versus Joe Thornton in Sharks zone.
13:46 of 1st period - Snap shot by Kyle Wellwood.
13:46 of 1st period - Shot Misses the Net.
14:15 of 1st period - Wrist shot by Alexander Steen.
14:15 of 1st period - Shot Blocked by Daniel Alfredsson.
14:39 of 1st period - Minor Penalty to Antoine Vermette for Holding.
14:40 of 1st period - Joe Thornton wins face-off versus David Legwand in Sharks zone.
14:49 of 1st period - Wrist shot by Alexander Ovechkin.
14:49 of 1st period - Shot Misses the Net.
14:51 of 1st period - Slapshot by Georges Laraque.
14:51 of 1st period - Stopped by Tyler Weiman with a rebound.
14:53 of 1st period - Snap shot by Georges Laraque.
14:53 of 1st period - Stopped by Tyler Weiman with a rebound.
14:55 of 1st period - Snap shot by Barret Jackman.
14:55 of 1st period - Goal by Barret Jackman - Predators : 1 - Sharks : 0.
14:56 of 1st period - Joe Thornton wins face-off versus David Legwand in neutral zone.
15:22 of 1st period - Antoine Vermette is hit by Kris Vernarsky and loses puck.
15:29 of 1st period - Brad Boyes is hit by Ted Purcell.
16:09 of 1st period - Slapshot by Alexander Edler.
16:09 of 1st period - Shot Blocked by Dany Heatley.
16:29 of 1st period - Wrist shot by Josef Vasicek.
16:29 of 1st period - Stopped by Tyler Weiman with a rebound.
16:31 of 1st period - Snap shot by Georges Laraque.
16:31 of 1st period - Shot Blocked by Adam Mair.
16:33 of 1st period - Wrist shot by Alexander Ovechkin.
16:33 of 1st period - Goal by Alexander Ovechkin - Predators : 2 - Sharks : 0.
16:34 of 1st period - Joe Thornton wins face-off versus Dany Heatley in neutral zone.
16:47 of 1st period - Snap shot by David Legwand.
16:47 of 1st period - Shot Blocked by Joe Thornton.
16:49 of 1st period - Wrist shot by Dany Heatley.
16:49 of 1st period - Shot Blocked by Alexander Ovechkin.
18:28 of 1st period - Wrist shot by Alexander Ovechkin.
18:28 of 1st period - Shot Misses the Net.
19:23 of 1st period - Snap shot by Joe Thornton.
19:23 of 1st period - Shot Misses the Net.
19:35 of 1st period - Michael Grabner is hit by Adam Mair and loses puck.
19:56 of 1st period - Wrist shot by Jeremy Williams.
19:56 of 1st period - Stopped by Tyler Weiman with a rebound.
19:59 of 1st period - Icing by David Hale.
Goals for this period are 2 for Predators vs 0 for Sharks.
Shots for this period are 11 for Predators vs 8 for Sharks.
2nd period
0:01 of 2nd period - Joe Thornton wins face-off versus David Legwand in neutral zone.
0:08 of 2nd period - Snap shot by Joe Thornton.
0:08 of 2nd period - Shot Blocked by Johnny Boychuk.
0:30 of 2nd period - Wrist shot by Martin Samuelsson.
0:30 of 2nd period - Shot Misses the Net.
0:50 of 2nd period - Kris Vernarsky is hit by Tuomo Ruutu and loses puck.
1:39 of 2nd period - Minor Penalty to Ted Purcell for Goalie Interference.
1:40 of 2nd period - Joe Thornton wins face-off versus David Legwand in Sharks zone.
1:44 of 2nd period - Wrist shot by Alexander Ovechkin.
1:44 of 2nd period - Stopped by Tyler Weiman with a rebound.
3:39 of 2nd period - Penalty to Ted Purcell is over, Ted Purcell is back on ice.
3:46 of 2nd period - Michal Rozsival is hit by Danny Richmond and loses puck.
3:57 of 2nd period - Alexander Edler is hit by Ted Purcell and loses puck.
4:14 of 2nd period - Slapshot by Alexander Edler.
4:14 of 2nd period - Stopped by Tyler Weiman with a rebound.
5:40 of 2nd period - Joe Thornton is hit by Martin Samuelsson.
7:25 of 2nd period - Shaone Morrisonn is hit by Joffrey Lupul and loses puck.
8:04 of 2nd period - Minor Penalty to Brad Boyes for Tripping.
8:05 of 2nd period - David Legwand wins face-off versus Alexander Ovechkin in Predators zone.
8:29 of 2nd period - Snap shot by Antoine Vermette.
8:29 of 2nd period - Shot Misses the Net.
8:31 of 2nd period - Snap shot by Antoine Vermette.
8:31 of 2nd period - Stopped by Kari Lehtonen with a rebound.
8:33 of 2nd period - Snap shot by Johnny Boychuk.
8:33 of 2nd period - Shot Blocked by Danny Richmond.
8:35 of 2nd period - Wrist shot by Markus Naslund.
8:35 of 2nd period - Shot Misses the Net.
9:01 of 2nd period - Ryan Mcdonagh is hit by David Legwand and loses puck.
10:04 of 2nd period - Penalty to Brad Boyes is over, Brad Boyes is back on ice.
10:39 of 2nd period - Slapshot by Martin Samuelsson.
10:39 of 2nd period - Shot Hit the Post.
11:03 of 2nd period - Kent Huskins is hit by Kyle Wellwood and loses puck.
11:13 of 2nd period - Off-side.
11:14 of 2nd period - Josef Vasicek wins face-off versus Antoine Vermette in neutral zone.
11:44 of 2nd period - Wrist shot by Dany Heatley.
11:44 of 2nd period - Stopped by Kari Lehtonen with a rebound.
12:12 of 2nd period - Andy Miele is hit by Daniel Alfredsson and loses puck.
12:40 of 2nd period - Michal Rozsival is hit by Alexander Edler and loses puck.
13:06 of 2nd period - Snap shot by Alex Pietrangelo.
13:06 of 2nd period - Shot Misses the Net.
13:08 of 2nd period - Snap shot by Tuomo Ruutu.
13:08 of 2nd period - Shot Misses the Net.
13:10 of 2nd period - Wrist shot by Alex Pietrangelo.
13:10 of 2nd period - Stopped by Kari Lehtonen without a rebound.
13:11 of 2nd period - Kris Vernarsky wins face-off versus David Legwand in Predators zone.
13:38 of 2nd period - Wrist shot by Martin Samuelsson.
13:38 of 2nd period - Shot Misses the Net.
14:04 of 2nd period - Snap shot by Joe Thornton.
14:04 of 2nd period - Stopped by Tyler Weiman with a rebound.
14:22 of 2nd period - Snap shot by David Legwand.
14:22 of 2nd period - Goal by David Legwand - Predators : 2 - Sharks : 1.
14:23 of 2nd period - David Legwand wins face-off versus Joe Thornton in neutral zone.
14:46 of 2nd period - Minor Penalty to Danny Richmond for Hooking.
14:47 of 2nd period - David Legwand wins face-off versus Alexander Ovechkin in Predators zone.
14:54 of 2nd period - Snap shot by David Legwand.
14:54 of 2nd period - Stopped by Kari Lehtonen with a rebound.
14:56 of 2nd period - Wrist shot by Daniel Alfredsson.
14:56 of 2nd period - Deflect By Joe Thornton.
14:56 of 2nd period - Stopped by Kari Lehtonen with a rebound.
14:58 of 2nd period - Wrist shot by Dany Heatley.
14:58 of 2nd period - Goal by Dany Heatley - Predators : 2 - Sharks : 2.
14:59 of 2nd period - Joe Thornton wins face-off versus Dany Heatley in neutral zone.
15:04 of 2nd period - Wrist shot by Alexander Ovechkin.
15:04 of 2nd period - Shot Misses the Net.
15:16 of 2nd period - Alexander Edler is hit by David Legwand and loses puck.
15:33 of 2nd period - Icing by Alex Pietrangelo.
15:34 of 2nd period - Markus Naslund wins face-off versus Kris Vernarsky in Sharks zone.
15:41 of 2nd period - Wrist shot by Kris Vernarsky.
15:41 of 2nd period - Stopped by Tyler Weiman without a rebound.
15:42 of 2nd period - Alexander Steen wins face-off versus David Legwand in Sharks zone.
15:51 of 2nd period - Snap shot by Kris Vernarsky.
15:51 of 2nd period - Shot Misses the Net.
15:53 of 2nd period - Wrist shot by Alexander Steen.
15:53 of 2nd period - Stopped by Tyler Weiman without a rebound.
15:54 of 2nd period - David Legwand wins face-off versus Joe Thornton in Sharks zone.
16:50 of 2nd period - Slapshot by Alex Pietrangelo.
16:50 of 2nd period - Stopped by Kari Lehtonen without a rebound.
16:51 of 2nd period - Kyle Wellwood wins face-off versus Josef Vasicek in Predators zone.
17:52 of 2nd period - Wrist shot by Kyle Wellwood.
17:52 of 2nd period - Deflect By Brandon Yip.
17:52 of 2nd period - Stopped by Kari Lehtonen with a rebound.
17:54 of 2nd period - Slapshot by Lasse Kukkonen.
17:54 of 2nd period - Stopped by Kari Lehtonen with a rebound.
19:02 of 2nd period - Backhand shot by Kyle Wellwood.
19:02 of 2nd period - Shot Blocked by Michael Grabner.
19:06 of 2nd period - Snap shot by Kyle Wellwood.
19:06 of 2nd period - Stopped by Kari Lehtonen with a rebound.
19:08 of 2nd period - Slapshot by Kyle Wellwood.
19:08 of 2nd period - Deflect By Brandon Yip.
19:08 of 2nd period - Shot Blocked by Barret Jackman.
19:08 of 2nd period - Puck is out of play.
19:09 of 2nd period - Joe Thornton wins face-off versus David Legwand in Predators zone.
19:16 of 2nd period - David Legwand is hit by Joe Thornton and loses puck.
19:35 of 2nd period - Kris Vernarsky is hit by Michal Rozsival and loses puck.
19:48 of 2nd period - Snap shot by Ted Purcell.
19:48 of 2nd period - Shot Blocked by Alexander Edler.
Goals for this period are 0 for Predators vs 2 for Sharks.
Shots for this period are 5 for Predators vs 11 for Sharks.
3rd period
0:01 of 3rd period - David Legwand wins face-off versus Joe Thornton in neutral zone.
0:04 of 3rd period - Snap shot by Daniel Alfredsson.
0:04 of 3rd period - Shot Misses the Net.
0:06 of 3rd period - Slapshot by Johnny Boychuk.
0:06 of 3rd period - Shot Misses the Net.
0:08 of 3rd period - Wrist shot by Dany Heatley.
0:08 of 3rd period - Shot Misses the Net.
0:10 of 3rd period - Snap shot by Daniel Alfredsson.
0:10 of 3rd period - Goal by Daniel Alfredsson - Predators : 2 - Sharks : 3.
0:11 of 3rd period - David Legwand wins face-off versus Joe Thornton in neutral zone.
0:19 of 3rd period - Wrist shot by Daniel Alfredsson.
0:19 of 3rd period - Stopped by Kari Lehtonen with a rebound.
0:21 of 3rd period - Slapshot by Michal Rozsival.
0:21 of 3rd period - Stopped by Kari Lehtonen with a rebound.
0:23 of 3rd period - Snap shot by Johnny Boychuk.
0:23 of 3rd period - Shot Misses the Net.
0:25 of 3rd period - Slapshot by Johnny Boychuk.
0:25 of 3rd period - Shot Blocked by Georges Laraque.
0:27 of 3rd period - Backhand shot by Daniel Alfredsson.
0:27 of 3rd period - Stopped by Kari Lehtonen with a rebound.
0:58 of 3rd period - Wrist shot by Kris Vernarsky.
0:58 of 3rd period - Stopped by Tyler Weiman without a rebound.
0:59 of 3rd period - Kyle Wellwood wins face-off versus Brad Boyes in Sharks zone.
0:59 of 3rd period - Kyle Wellwood is hit by Brad Boyes.
1:07 of 3rd period - Snap shot by Kris Vernarsky.
1:07 of 3rd period - Shot Misses the Net.
1:09 of 3rd period - Wrist shot by Alexander Steen.
1:09 of 3rd period - Stopped by Tyler Weiman without a rebound.
1:10 of 3rd period - David Legwand wins face-off versus Kris Vernarsky in Sharks zone.
1:35 of 3rd period - Alexander Ovechkin is hit by Antoine Vermette and loses puck.
1:54 of 3rd period - Snap shot by Josef Vasicek.
1:54 of 3rd period - Stopped by Tyler Weiman with a rebound.
2:27 of 3rd period - Wrist shot by David Legwand.
2:27 of 3rd period - Deflect By Dany Heatley.
2:27 of 3rd period - Shot Misses the Net.
2:27 of 3rd period - Puck is out of play.
2:28 of 3rd period - Georges Laraque wins face-off versus David Legwand in Predators zone.
2:57 of 3rd period - Icing by Brandon Yip.
2:58 of 3rd period - Kyle Wellwood wins face-off versus Kris Vernarsky in Sharks zone.
3:31 of 3rd period - Off-side.
3:32 of 3rd period - David Legwand wins face-off versus Joe Thornton in neutral zone.
3:34 of 3rd period - Michal Rozsival is hit by Danny Richmond and loses puck.
3:47 of 3rd period - Snap shot by Alexander Ovechkin.
3:47 of 3rd period - Stopped by Tyler Weiman without a rebound.
3:48 of 3rd period - Antoine Vermette wins face-off versus Kris Vernarsky in Sharks zone.
3:53 of 3rd period - Alexander Steen is hit by Markus Naslund and loses puck.
4:13 of 3rd period - Danny Richmond is hit by Alex Pietrangelo and loses puck.
5:39 of 3rd period - Major / Game Misconduct Penalty to Georges Laraque for Unsportsmanlike conduct.
5:39 of 3rd period - Georges Laraque is ejected from game.
5:40 of 3rd period - David Legwand wins face-off versus Joe Thornton in Predators zone.
8:01 of 3rd period - Markus Naslund is hit by Ryan Mcdonagh and loses puck.
8:24 of 3rd period - John Moore is hit by Brandon Yip and loses puck.
10:39 of 3rd period - Penalty to Georges Laraque is over, Brad Boyes is send on ice.
11:01 of 3rd period - Shaone Morrisonn is hit by John Moore.
11:11 of 3rd period - David Hale is hit by Alexander Ovechkin and loses puck.
12:44 of 3rd period - Lasse Kukkonen is hit by Andy Miele and loses puck.
13:18 of 3rd period - Kris Vernarsky is hit by Tuomo Ruutu and loses puck.
13:25 of 3rd period - Brandon Yip is hit by Brad Boyes and loses puck.
15:47 of 3rd period - Icing by Michal Rozsival.
15:48 of 3rd period - Joe Thornton wins face-off versus Antoine Vermette in Sharks zone.
15:53 of 3rd period - Slapshot by Andy Miele.
15:53 of 3rd period - Shot Misses the Net.
16:05 of 3rd period - Michal Rozsival is hit by Alexander Edler and loses puck.
16:20 of 3rd period - Snap shot by Dany Heatley.
16:20 of 3rd period - Stopped by Kari Lehtonen with a rebound.
16:22 of 3rd period - Wrist shot by Antoine Vermette.
16:22 of 3rd period - Shot Misses the Net.
16:24 of 3rd period - Snap shot by Dany Heatley.
16:24 of 3rd period - Shot Misses the Net.
16:42 of 3rd period - Wrist shot by Dany Heatley.
16:42 of 3rd period - Shot Blocked by Josef Vasicek.
16:52 of 3rd period - Wrist shot by Dany Heatley.
16:52 of 3rd period - Shot Misses the Net.
16:54 of 3rd period - Snap shot by Antoine Vermette.
16:54 of 3rd period - Shot Misses the Net.
16:56 of 3rd period - Slapshot by Lasse Kukkonen.
16:56 of 3rd period - Stopped by Kari Lehtonen with a rebound.
16:58 of 3rd period - Wrist shot by Dany Heatley.
16:58 of 3rd period - Deflect By Daniel Alfredsson.
16:58 of 3rd period - Shot Misses the Net.
16:58 of 3rd period - Puck is out of play.
16:59 of 3rd period - Adam Mair wins face-off versus Joe Thornton in Predators zone.
17:06 of 3rd period - Slapshot by Barret Jackman.
17:06 of 3rd period - Shot Misses the Net.
17:08 of 3rd period - Snap shot by Brad Boyes.
17:08 of 3rd period - Stopped by Tyler Weiman with a rebound.
17:10 of 3rd period - Snap shot by Joe Thornton.
17:10 of 3rd period - Stopped by Tyler Weiman without a rebound.
17:11 of 3rd period - Joe Thornton wins face-off versus Adam Mair in Sharks zone.
17:14 of 3rd period - Snap shot by Joe Thornton.
17:14 of 3rd period - Shot Blocked by Martin Samuelsson.
17:16 of 3rd period - Snap shot by Alexander Ovechkin.
17:16 of 3rd period - Shot Misses the Net.
17:18 of 3rd period - Slapshot by Josef Vasicek.
17:18 of 3rd period - Shot Misses the Net.
17:57 of 3rd period - Snap shot by Alexander Ovechkin.
17:57 of 3rd period - Shot Misses the Net.
17:59 of 3rd period - Snap shot by Barret Jackman.
17:59 of 3rd period - Stopped by Tyler Weiman with a rebound.
18:55 of 3rd period - Predators, Kari Lehtonen is pulled from the net.
18:57 of 3rd period - Snap shot by Joe Thornton.
18:57 of 3rd period - Goal by Joe Thornton - Predators : 3 - Sharks : 3.
18:57 of 3rd period - Kari Lehtonen from Predators was sent back in the game.
18:58 of 3rd period - Joe Thornton wins face-off versus David Legwand in neutral zone.
19:10 of 3rd period - Off-side.
19:11 of 3rd period - Oleg Saprykin wins face-off versus Adam Mair in neutral zone.
19:14 of 3rd period - Lasse Kukkonen is hit by Oleg Saprykin and loses puck.
19:33 of 3rd period - Minor Penalty to Alexander Edler for High sticking.
19:34 of 3rd period - Alexander Ovechkin wins face-off versus David Legwand in Predators zone.
Goals for this period are 1 for Predators vs 1 for Sharks.
Shots for this period are 8 for Predators vs 6 for Sharks.
Overtime #1
0:01 of 1st overtime period - Alexander Ovechkin wins face-off versus David Legwand in neutral zone.
0:04 of 1st overtime period - Slapshot by Danny Richmond.
0:04 of 1st overtime period - Shot Misses the Net.
0:55 of 1st overtime period - Backhand shot by Kyle Wellwood.
0:55 of 1st overtime period - Shot Misses the Net.
1:33 of 1st overtime period - Penalty to Alexander Edler is over, Alexander Edler is back on ice.
1:39 of 1st overtime period - Alexander Edler is hit by David Hale and loses puck.
2:04 of 1st overtime period - Ryan Mcdonagh is hit by Martin Samuelsson and loses puck.
2:40 of 1st overtime period - Icing by Alexander Ovechkin.
2:41 of 1st overtime period - Ted Purcell wins face-off versus Alexander Ovechkin in Predators zone.
2:56 of 1st overtime period - Joe Thornton is hit by David Hale and loses puck.
3:32 of 1st overtime period - Ryan Mcdonagh is hit by Ted Purcell and loses puck.
3:51 of 1st overtime period - Kyle Wellwood is hit by Barret Jackman.
3:59 of 1st overtime period - Ryan Mcdonagh is hit by Kyle Wellwood and loses puck.
4:33 of 1st overtime period - Alex Pietrangelo is hit by Alexander Edler and loses puck.
4:46 of 1st overtime period - Danny Richmond is hit by David Hale and loses puck.
4:55 of 1st overtime period - Slapshot by Adam Mair.
4:55 of 1st overtime period - Stopped by Kari Lehtonen without a rebound.
4:56 of 1st overtime period - David Legwand wins face-off versus Alexander Ovechkin in Predators zone.
Goals for this period are 0 for Predators vs 0 for Sharks.
Shots for this period are 0 for Predators vs 1 for Sharks.
ShootOut
5:00 of 1st overtime period - Penalty Shot by Alexander Ovechkin for Predators.
5:00 of 1st overtime period - Deke by Alexander Ovechkin.
5:00 of 1st overtime period - Shot Misses the Net.
5:00 of 1st overtime period - Penalty Shot by Dany Heatley for Sharks.
5:00 of 1st overtime period - Snap shot by Dany Heatley.
5:00 of 1st overtime period - Shot Misses the Net.
5:00 of 1st overtime period - Penalty Shot by Joe Thornton for Predators.
5:00 of 1st overtime period - Deke by Joe Thornton.
5:00 of 1st overtime period - Goal by Joe Thornton.
5:00 of 1st overtime period - Penalty Shot by Ted Purcell for Sharks.
5:00 of 1st overtime period - Deke by Ted Purcell.
5:00 of 1st overtime period - Shot Misses the Net.
5:00 of 1st overtime period - Penalty Shot by Michael Grabner for Predators.
5:00 of 1st overtime period - Deke by Michael Grabner.
5:00 of 1st overtime period - Goal by Michael Grabner.
Output by the SimonT Hockey Simulator (STHS) for François Prévost -- Original Page W3C XHTML 1.0 Valid